 Dungeon Crawl Stone Soup version 0.30-a0-135-g630cfc4551 (webtiles) character file.

Game seed: 7570257184755297782

11557 scionoferis the Cleaver (level 12, -9/104 HPs)
             Began as a Meteoran Gladiator on Sept 21, 2022.
             Was a Follower of Qazlal.
             Mangled by a molten gargoyle
             ... wielding a +0 flail
              (22 damage)
             ... in a volcano.
             The game lasted 00:40:47 (4667 turns).

scionoferis the Cleaver (Meteoran Gladiator)        Turns: 4667, Time: 00:40:48

Health: -9/104     AC:  8    Str: 27    XL:     12   Next: 36%
Magic:  19/19      EV: 12    Int: 11    God:    Qazlal [*.....]
Gold:   530        SH: 12    Dex: 15    Spells: 16/17 levels left

rFire   + . .      SeeInvis .    s - +4 broad axe (vorpal)
rCold   . . .      Faith    .    R - +0 buckler
rNeg    . . .      Spirit   .    g - +1 leather armour {rF+}
rPois   .          Reflect  +    c - +0 helmet
rElec   .          Harm     .    x - +0 cloak
rCorr   .          Rampage  .    q - +0 pair of gloves
Will    +....                    (no boots)
Stlth   +.........               E - amulet of reflection
HPRegen 0.27/turn                i - +6 ring of strength
MPRegen 0.16/turn                (no ring)

@: mighty, glowing
A: sense surroundings 2, otherworldly, glowing, explore regen
a: Renounce Religion


You were in a volcano.
You worshipped Qazlal.
Qazlal was aware of your devotion.
You visited 2 branches of the dungeon, and saw 9 of its levels.
You also visited: Volcano.

You collected 642 gold pieces.
You spent 112 gold pieces at shops.

Inventory:

Hand Weapons
 s - a +4 vorpal broad axe (weapon)
Missiles
 d - 2 throwing nets (quivered)
 e - 6 javelins
 j - 13 poisoned darts
Armour
 c - a +0 helmet (worn)
 g - a +1 leather armour of fire resistance (worn)
 q - a +0 pair of gloves (worn)
 x - a +0 cloak (worn)
 y - the +1 ring mail of Jubbosim {rElec Regen+}
   (You found it on level 3 of the Dungeon)

   rElec:     It insulates you from electricity.
   Regen:     It increases your rate of health regeneration.
 J - +0 swamp dragon scales
 R - a +0 buckler (worn)
Magical Staves
 I - a staff of conjuration
Jewellery
 i - a +6 ring of strength (left hand)
 E - an amulet of reflection (around neck)
Wands
 a - a wand of mindburst (18)
 H - a wand of roots (6)
 Q - a wand of flame (16)
 U - a wand of digging (4)
Scrolls
 b - 4 scrolls of blinking
 f - 3 scrolls of vulnerability
 h - 2 scrolls of teleportation
 m - 2 scrolls of torment
 v - 2 scrolls of fear
 A - 2 scrolls of enchant armour
 B - 2 scrolls of butterflies
 D - a scroll of silence
 F - a scroll of magic mapping
Potions
 l - 2 potions of resistance
 n - 7 potions of curing
 o - 2 potions of lignification {unknown}
 p - 2 potions of attraction
 r - 4 potions of cancellation
 u - a potion of flight
 M - a potion of berserk rage {unknown}
 N - 2 potions of brilliance {unknown}
 O - a potion of degeneration {unknown}
 S - 2 potions of haste {unknown}


   Skills:
 + Level 9.3 Fighting
 * Level 13.5(13.8) Axes
 - Level 4.7(10.0) Polearms
 - Level 2.4 Throwing
 - Level 5.0 Armour
 - Level 3.6 Dodging
 - Level 5.0 Shields
 - Level 3.0 Spellcasting
 - Level 5.0 Translocations
 + Level 9.0 Invocations
 + Level 5.6 Evocations


You had 16 spell levels left.
You knew the following spells:

 Your Spells              Type           Power      Damage    Failure   Level
a - Apportation           Tloc           24%        N/A       4%          1

Your spell library contained the following spells:

 Spells                   Type           Power      Damage    Failure   Level
 Necrotise                Necr           4%         1d4       36%         1
 Summon Small Mammal      Summ           4%         N/A       36%         1
 Static Discharge         Conj/Air       2%         2-3/arc   50%         2
 Call Canine Familiar     Summ           1%         N/A       75%         3
 Summon Guardian Golem    Hex/Summ       1%         N/A       75%         3
 Petrify                  Tmut/Erth      1%         N/A       98%         4
 Summon Lightning Spire   Summ/Air       1%         N/A       98%         4
 Freezing Cloud           Conj/Ice/Air   0%         6-21      100%        5
 Metabolic Englaciation   Hex/Ice        0%         N/A       100%        5
 Statue Form              Tmut/Erth      0%         N/A       100%        6
 Storm Form               Tmut/Air       0%         N/A       100%        7
 Maxwell's Capacitive Co  Air            0%         ∞         100%        8


Dungeon Overview and Level Annotations

Branches:
Dungeon (8/15) Zot: 515    Temple (0/1) D:7            Lair (1/5) D:8 Zot: 417
Volcano (1/1) Zot: 315

Altars:
Ashenzari
Qazlal
Ru
Sif Muna
Trog
Vehumet
Yredelemnul

Shops:
D:3 !


Innate Abilities, Weirdness & Mutations

You passively map the area around you.
You are easily found by Zot.
You glow in the dark.
You regain HP and MP as you explore.


Message History

You completely miss the molten gargoyle.
The molten gargoyle is heavily damaged.
The molten gargoyle blasts magma at you!
The bolt of magma hits you! You partially resist.
* * * LOW HITPOINT WARNING * * *
You slash the molten gargoyle!
You destroy the molten gargoyle!
Qazlal accepts your kill.
Aiming: Paralyse
Press: ? - help, Shift-Dir - straight line, f - orc knight
Aim: an orc knight, wielding a +0 dire flail of flaming and wearing a +4 chain mail of fire resistance (chance to affect: 45%)
The orc knight resists with some effort.
You block the orc knight's attack.
Aiming: Paralyse
Press: ? - help, Shift-Dir - straight line, f/p - orc knight
Aim: an orc knight, wielding a +0 dire flail of flaming and wearing a +4 chain mail of fire resistance (chance to affect: 45%)
The orc knight suddenly stops moving!
The now-empty wand crumbles to dust.
The helpless orc knight fails to defend itself.
You carve the orc knight like a ham!!!
The orc knight is severely wounded.
A molten gargoyle comes into view. It is wielding a +0 flail.
The helpless orc knight fails to defend itself.
You slice the orc knight!!
The orc knight is almost dead.
The helpless orc knight fails to defend itself.
You slice the orc knight!!
You kill the orc knight!
Qazlal accepts your kill.
Your Invocations skill increases to level 9!
You feel better.
You hit the molten gargoyle.
The molten gargoyle is lightly damaged.
The molten gargoyle hits you with a +0 flail.
* * * LOW HITPOINT WARNING * * *
You are engulfed in flames.
You resist.
* * * LOW HITPOINT WARNING * * *
You slash the molten gargoyle!
The molten gargoyle is severely damaged.
The molten gargoyle hits you with a +0 flail!!
You die...

########..# #..#).#~~~§§~###§#
##.8..8##(.####..')[~~~§§§§#*#§#
#8.....'.8...8#..'.#~~~~§~§###
#......'......####..~~~~~~~~~#~*
#∩.∩...#..⌠...# #########~~~
#......'......####..~~~~~# ~ *
#8.....'(8...8#..'.#~~~~~§ * *~
##.8..8##..####..9..~~~~~§ ~*
########..# #.@#..#~~§§§ ~ *
#..####..##..#~~~~~ #..##.'..#
#..~~ ~~* * * #..####..# #.#~~ *
#..####..# 9.##~ * #..##['.)#
... #.)####).# ... ~ #..# #..# ,
* #..####..# * ,


You could see a molten gargoyle.

Vanquished Creatures
  A wizard (Volcano)
  An orc knight (Volcano)
  2 cyclopes (Volcano)
  3 salamanders (Volcano)
  3 gargoyles (Volcano)
  A cane toad (Lair:1)
  The ghost of Tollund the Firebug, a novice HuCA of Ignis (D:4)
  4 molten gargoyles (Volcano)
  Maggie (D:6)
  Grinder (D:6)
  Prince Ribbit (D:6)
  3 basilisks
  7 yaks
  2 wyverns (D:8)
  Eustachio (D:6)
  A steam dragon (D:6)
  The ghost of Newt the Trooper, an amateur DsGl (D:4)
  The ghost of HilariousDeathArtist the Shooter, an amateur DgHu (D:4)
  A black bear (D:4)
  2 ice beasts (D:8)
  A sky beast (D:7)
  6 wolves (Lair:1)
  An ogre (D:7)
  2 centaurs
  2 phantoms
  A kobold brigand (D:7)
  3 bullfrogs
  4 scorpions
  A necrophage (D:7)
  11 wights
  4 howler monkeys (D:7)
  2 hounds
  A jelly (D:6)
  6 orc priests
  Jessica (D:2)
  Natasha (twice) (D:3)
  8 orc wizards
  Robin (D:2)
  4 gnolls (D:8)
  5 adders
  2 ufetubi (D:6)
  A worm (D:3)
  A dart slug (D:1)
  26 orcs
  6 bats
  3 endoplasms
  4 giant cockroaches
  8 goblins (D:2)
  10 hobgoblins
  6 kobolds
  3 quokkas
  6 ball pythons
  5 frilled lizards
  13 rats
198 creatures vanquished.

Vanquished Creatures (others)
  A plant (Lair:1)
1 creature vanquished.

Grand Total: 199 creatures vanquished

Notes
Turn   | Place    | Note
-------+----------+-------------------------------------------
     0 | D:1      | scionoferis the Meteoran Gladiator began the quest for the
                  | Orb.
     0 | D:1      | Reached XP level 1. HP: 17/17 MP: 2/2
    88 | D:1      | Found a faded altar of an unknown god.
   107 | D:1      | Reached XP level 2. HP: 24/25 MP: 3/3
   302 | D:1      | Reached XP level 3. HP: 30/30 MP: 4/4
   371 | D:1      | Reached skill level 1 in Armour
   495 | D:1      | Glimpsed the power of Zot.
   630 | D:2      | Noticed Robin
   652 | D:2      | Reached XP level 4. HP: 32/37 MP: 5/5
   700 | D:2      | Killed Robin
   753 | D:2      | Reached skill level 1 in Axes
   878 | D:2      | Noticed Jessica
   880 | D:2      | Killed Jessica
   881 | D:2      | Reached XP level 5. HP: 28/45 MP: 6/6
   897 | D:2      | Reached skill level 2 in Axes
   972 | D:3      | Noticed Natasha
   977 | D:3      | Killed Natasha
  1017 | D:3      | Reached XP level 6. HP: 49/51 MP: 7/7
  1053 | D:3      | Identified the +1 ring mail of Jubbosim {rElec Regen+}
  1139 | D:3      | Reached skill level 3 in Axes
  1155 | D:3      | Noticed Natasha
  1156 | D:3      | Found Kebuvop's Distillery.
  1167 | D:3      | Killed Natasha
  1173 | D:3      | Bought a potion of mutation for 112 gold pieces
  1283 | D:3      | Got the Lectures on the Brume
  1286 | D:4      | Noticed a black bear
  1300 | D:4      | Killed a black bear
  1301 | D:4      | Reached skill level 4 in Axes
  1301 | D:4      | Reached XP level 7. HP: 33/59 MP: 8/8
  1446 | D:4      | Reached skill level 5 in Axes
  1482 | D:4      | Found a bloodstained altar of Trog.
  1482 | D:4      | Found a stormy altar of Qazlal.
  1482 | D:4      | Found a basalt altar of Yredelemnul.
  1493 | D:4      | Found a shimmering blue altar of Sif Muna.
  1497 | D:4      | Became a worshipper of Qazlal Stormbringer
  1692 | D:4      | Learned a level 1 spell: Apportation
  1795 | D:4      | Found a runed translucent gate.
  1795 | D:4      | Found a runed translucent gate.
  1796 | D:4      | Found a runed translucent gate.
  1798 | D:4      | Noticed Tollund's ghost (novice HuCA)
  1798 | D:4      | Noticed Newt's ghost (amateur DsGl)
  1798 | D:4      | Noticed HilariousDeathArtist's ghost (amateur DgHu)
  1821 | D:4      | Killed Tollund's ghost
  1822 | D:4      | Reached skill level 5 in Fighting
  1822 | D:4      | Reached skill level 6 in Axes
  1822 | D:4      | Reached XP level 8. HP: 47/68 MP: 9/9
  1825 | D:4      | Killed HilariousDeathArtist's ghost
  1828 | D:4      | Killed Newt's ghost
  1829 | D:4      | Reached skill level 5 in Armour
  1871 | D:5      | Entered Level 5 of the Dungeon
  2066 | D:5      | Reached skill level 7 in Axes
  2286 | D:5      | Gained mutation: You passively map the area around you.
                  | [Meteoran growth]
  2286 | D:5      | Reached XP level 9. HP: 70/74 MP: 9/11
  2291 | D:5      | Reached skill level 1 in Spellcasting
  2291 | D:5      | Reached skill level 1 in Invocations
  2492 | D:6      | Noticed Eustachio
  2501 | D:6      | Killed Eustachio
  2565 | D:6      | Reached skill level 8 in Axes
  2591 | D:6      | Noticed Grinder
  2608 | D:6      | Killed Grinder
  2717 | D:6      | Reached * piety under Qazlal
  2739 | D:6      | Reached skill level 9 in Axes
  2739 | D:6      | Reached XP level 10. HP: 47/81 MP: 15/15
  2740 | D:6      | Noticed Maggie
  2762 | D:6      | HP: 4/83 [Maggie/+0 glaive (8)]
  2764 | D:6      | Killed Maggie
  2765 | D:6      | Reached skill level 5 in Translocations
  2874 | D:6      | Reached skill level 5 in Invocations
  2932 | D:6      | Noticed Prince Ribbit
  2968 | D:6      | Killed Prince Ribbit
  2969 | D:6      | Reached skill level 10 in Axes
  3072 | D:7      | Reached ** piety under Qazlal
  3116 | D:7      | Found a broken altar of Ashenzari.
  3257 | D:7      | Found a staircase to the Ecumenical Temple.
  3606 | D:7      | Reached skill level 1 in Evocations
  3770 | D:8      | Found a radiant altar of Vehumet.
  3873 | D:8      | Reached skill level 11 in Axes
  3920 | D:8      | Found a staircase to the Lair.
  3929 | D:8      | Reached skill level 1 in Shields
  3931 | D:8      | Reached XP level 11. HP: 45/94 MP: 11/17
  3985 | D:8      | Found a sacrificial altar of Ru.
  4203 | Lair:1   | Entered Level 1 of the Lair of Beasts
  4262 | Lair:1   | Reached skill level 12 in Axes
  4370 | Lair:1   | Found a dark tunnel.
  4382 | Volcano  | Entered a volcano
  4387 | Volcano  | Noticed a cyclops
  4401 | Volcano  | Killed a cyclops
  4408 | Volcano  | Noticed a cyclops
  4427 | Volcano  | Killed a cyclops
  4442 | Volcano  | Noticed a salamander
  4447 | Volcano  | Killed a salamander
  4485 | Volcano  | Noticed a wizard
  4488 | Volcano  | Killed a wizard
  4497 | Volcano  | Reached XP level 12. HP: 69/103 MP: 11/19
  4506 | Volcano  | Noticed an orb of fire
  4584 | Volcano  | Reached skill level 13 in Axes
  4584 | Volcano  | Reached skill level 5 in Evocations
  4596 | Volcano  | Reached skill level 5 in Shields
  4646 | Volcano  | Noticed an orc knight
  4663 | Volcano  | Killed an orc knight
  4667 | Volcano  | Mangled by a molten gargoyle

Illustrated notes

Levels and vault maps discovered:
D:1:      beargit_arrival_greenhouse, layout_basic,
          dilly_ecumenical_altar_fadedgnrine
D:2:      layout_loops_ring, uniq_robin, uniq_jessica
D:3:      layout_loops_cross, serial_shops, shop, uniq_natasha
D:4:      layout_cave_pods, nicolae_overflow_quartered_altars,
          gammafunk_ghost_cemetery, fountainhead, minivault_27
D:5:      layout_basic
D:6:      layout_loops_ring, uniq_prince_ribbit1, uniq_eustachio, uniq_grinder,
          uniq_maggie
D:7:      layout_basic, ashenzari_altar_1, lemuel_coloured_pillars_altar,
          minmay_temple_entry_arrows
D:8:      layout_basic, vehumet_altar_wand_db, nicolae_ru_awakened_eye,
          david_lair_generic
Lair:1:   layout_cave_pods, nicolae_volcano_entry_hallway, grunt_megastairs_4,
          uniq_urug, uniq_sonja
Volcano:  hellmonk_zot_springs

Skill      XL: |  1  2  3  4  5  6  7  8  9 10 11 12 |
---------------+-------------------------------------+-----
Polearms       | 4 |  4.7
Armour         | 1 2 3 4 5 |  5.0
Fighting       | 3 4 5 6 7 8 9 |  9.3
Axes           | 1 2 4 6 7 9 11 12 13 | 13.5
Translocations | 2 3 4 5 |  5.0
Spellcasting   | 3 |  3.0
Invocations    | 3 6 8 9 |  9.0
Evocations     | 2 4 5 |  5.6
Shields        | 1 4 5 |  5.0
Throwing       | |  2.4
Dodging        | |  3.6

Action                   |  1- 3 |  4- 6 |  7- 9 | 10-12 || total
-------------------------+-------+-------+-------+-------++-------
Melee: Trident           |    74 |    25 |       |       ||    99
       Broad axe         |       |    91 |   129 |   264 ||   484
       Punch             |       |     2 |     1 |       ||     3
Throw: Dart              |       |       |       |     1 ||     1
       Throwing net      |       |       |       |     2 ||     2
 Cast: Apportation       |       |       |       |    20 ||    20
Invok: Upheaval          |       |       |       |     9 ||     9
Evoke: Wand              |       |       |       |     3 ||     3
  Use: Potion            |       |       |     5 |     2 ||     7
       Scroll            |       |       |     7 |     7 ||    14
 Stab: Paralysed         |       |       |       |     4 ||     4
       Held in net/web   |       |       |       |     2 ||     2
Armor: Chain mail        |    30 |    48 |       |       ||    78
       Leather armour    |     2 |       |       |     2 ||     4
       Ring mail         |       |    27 |    39 |     3 ||    69
       Swamp dragon scal |       |       |       |    60 ||    60
Dodge: Dodged            |    25 |    70 |    61 |    72 ||   228
Block: Other             |       |       |    17 |    32 ||    49
       Buckler           |       |       |       |    61 ||    61
       Reflection        |       |       |       |     6 ||     6

Table legend: (Time is in decaauts)
 A = Elapsed time spent in this place.
 B = Non-inter-level travel time spent in this place.
 C = Inter-level travel time spent in this place.
 D = Time resting spent in this place.
 E = Time spent auto-exploring this place.
 F = Levels seen in this place.
 G = Mean time per level.
                   A        B        C        D        E       F      G
               +--------+--------+--------+--------+--------+-----+--------+
         Total |   4751 |   4496 |    255 |      0 |      0 |  10 |  475.1 |
       Dungeon |   4285 |   4030 |    255 |      0 |      0 |   8 |  535.6 |
          Lair |    182 |    182 |      0 |      0 |      0 |   1 |  182.0 |
       Volcano |    283 |    283 |      0 |      0 |      0 |   1 |  283.0 |
               +--------+--------+--------+--------+--------+-----+--------+

Top non-repeatable levels by time:
     D:6: 617 daAuts
     D:7: 606 daAuts
     D:4: 601 daAuts
     D:5: 577 daAuts
     D:8: 557 daAuts
     D:1: 511 daAuts
     D:2: 450 daAuts
     D:3: 363 daAuts
 Volcano: 283 daAuts
  Lair:1: 182 daAuts
